Map: Dasan Station LE

Players

Rob

  • Race: Protoss Protoss
  • League: Grandmaster
  • Spawn Location: 12:00

Jason - Winner!

  • Race: Terran Terran
  • League: Grandmaster
  • Spawn Location: 6:00

VOD

Have the link to the VOD?

Description

Time

  • Played on: May 13, 2019, 8:14 p.m.
  • Length: 9:12
Show
View Real Time Build Order
Export as new Build Order

Rob Protoss 

Build Orders:  

Get SALT Encoding   

  12  0:00  Probe  
  13  0:12  Probe  
  14  0:18  Pylon  
  14  0:24  Probe  
  15  0:32  Probe  
  15  0:36  Gateway  
  15  0:40  Probe  
  17  0:51  Assimilator, Probe  
  17  0:55  Assimilator  
  18  1:03  Probe  
  19  1:15  Probe  
  20  1:25  Cybernetics Core  
  20  1:27  Probe  
  21  1:35  Pylon  
  21  1:39  Probe  
  22  1:51  Probe  
  22  1:53  Warp Gate  
  23  1:56  Gateway  
  23  2:01  Robotics Facility  
  23  2:05  Stalker  
  24  2:19  Gateway  
  24  2:27  Stalker  
  24  2:28  Probe  
  27  2:44  Stalker  
  27  2:49  Warp Prism  
  31  3:02  Pylon  
  31  3:36  Pylon  
  31  3:39  Shield Battery  
  31  3:43  Stalker x3  
  36  4:12  Adept x2  
  36  4:13  Adept  
  28  4:25  Robotics Bay  
  28  4:41  Stalker x2  
  28  4:45  Warp Prism  
  34  5:04  Adept  
  34  5:06  Adept  
  36  5:23  Disruptor  
  36  5:35  Gravitic Drive  
  39  5:52  Nexus  
  35  6:16  Probe  
  32  6:29  Probe  
  33  6:39  Disruptor  
  36  6:41  Probe  
  37  6:53  Probe  
  36  7:16  Stalker x3  
  37  7:37  Pylon  
  37  7:51  Zealot x2  
  38  8:03  Disruptor  
  41  8:10  Assimilator  
  41  8:13  Zealot x2  
  41  8:15  Assimilator  
  45  8:24  Pylon  
  45  8:28  Pylon  
Show
View Real Time Build Order
Export as new Build Order

Jason Terran - Winner!

Build Orders:  

Get SALT Encoding   

  12  0:00  SCV  
  13  0:13  SCV  
  14  0:18  Supply Depot  
  14  0:25  SCV  
  16  0:45  Barracks  
  16  0:48  SCV  
  16  0:49  Refinery  
  16  1:01  SCV  
  17  1:13  SCV  
  18  1:25  SCV  
  19  1:35  Reaper  
  19  1:37  Orbital Command  
  20  1:49  Refinery  
  20  1:57  Supply Depot  
  20  2:03  SCV  
  20  2:07  Marine  
  22  2:15  Factory  
  22  2:16  SCV  
  23  2:23  Bunker  
  23  2:25  Barracks Reactor  
  23  2:29  SCV  
  24  2:32  Supply Depot  
  24  2:41  SCV  
  25  2:53  SCV  
  25  2:55  Engineering Bay  
  26  3:03  Marine  
  26  3:04  Marine  
  26  3:05  SCV  
  29  3:06  Factory Tech Lab  
  29  3:09  Starport  
  29  3:17  SCV  
  30  3:24  Siege Tank  
  30  3:26  Marine x2  
  35  3:27  Missile Turret  
  35  3:29  SCV  
  36  3:34  Supply Depot  
  36  3:41  SCV  
  36  3:44  Marine x2  
  39  3:56  Viking  
  39  4:01  Siege Tank  
  39  4:02  Marine  
  44  4:05  Marine  
  45  4:20  SCV, Marine  
  45  4:23  Marine  
  44  4:32  Medivac  
  44  4:38  Marine  
  45  4:41  SCV  
  47  4:48  Marine  
  46  4:54  Supply Depot  
  46  5:03  Supply Depot  
  46  5:12  Marine  
  47  5:16  Viking, Siege Tank, Marine  
  51  5:30  SCV  
  52  5:37  Marine  
  53  5:42  SCV  
  53  5:44  Marine  
  53  5:46  Viking  
  53  5:48  Siege Tank  
  60  6:03  Marine  
  61  6:20  Marine  
  61  6:21  Marine  
  61  6:24  Siege Tank  
  56  6:28  Viking  
  58  6:34  SCV  
  59  6:45  Marine x2  
  61  7:00  Viking  
  63  7:03  Marine  
  63  7:07  Marine  
  61  7:08  Supply Depot  
  61  7:14  SCV  
  62  7:22  Marine  
  63  7:30  Siege Tank  
  56  7:39  Starport Tech Lab  
  56  7:49  Marine  
  57  7:51  SCV  
  58  8:00  Marine  
  58  8:02  Siege Tank  
  62  8:07  Marine  
  63  8:14  SCV  
  64  8:26  SCV  
  55  8:29  Marine  
  56  8:40  Marine  
  57  8:42  SCV  
  57  8:46  Marine  
Tags
 
Add a new tag
Caveats
  • Supply blocks, unpowered buildings, or Contaminate may cause inaccurate times.
  • Supply counts are checked every 10 seconds.